[Event "Titled Tuesday Blitz February 07 Early 2023"]
[White "Koridze, Lile"]
[Black "Winkels, Marcel"]
[WhiteFideId "13612514"]
[BlackFideId "1003887"]
[WhiteElo "2191"]
[BlackElo "1960"]
[Result "1-0"]
[Round "11"]
[TimeControl "180+2"]
[Date "2023.02.07"]
[WhiteClock "0:01:23"]
[BlackClock "0:00:01"]

1. d4 Nf6 2. c4 c5 3. d5 e6 4. Nc3 exd5 5. cxd5 d6 6. Nf3 g6 7. Nd2 Bg7 8. Nc4 O-O 9. Bg5 h6 10. Bh4 g5 11. Bg3 Ne8 12. e4 b6 13. Bd3 Ba6 14. O-O Bxc4 15. Bxc4 a6 16. a4 Nd7 17. Qe2 Ne5 18. Bxa6 f5 19. exf5 Rxf5 20. f4 gxf4 21. Rxf4 Rxf4 22. Bxf4 Nc7 23. Bc4 Qf6 24. Rf1 Re8 25. Kh1 Qh4 26. g3 Qh3 27. Bxe5 Bxe5 28. Qf3 Qd7 29. Ne4 Qe7 30. Qg4+ Kh8 31. Qg6 Qg7 32. Qh5 Rf8 33. Rxf8+ Qxf8 34. Kg2 Ne8 35. Qf3 Qxf3+ 36. Kxf3 Bxb2 37. g4 Be5 38. h4 Nf6 39. Nf2 Nd7 40. Nd3 Kg7 41. g5 1-0


[Site "https://www.chess.com"]

[Event "Titled Tuesday Blitz February 07 Early 2023"]
[White "Piesik, Piotr"]
[Black "Ruiz Aguilar, Pablo Alexander"]
[WhiteFideId "1136194"]
[BlackFideId "4401352"]
[WhiteElo "2426"]
[BlackElo "2161"]
[Result "1-0"]
[Round "11"]
[TimeControl "180+2"]
[Date "2023.02.07"]
[WhiteClock "0:02:06"]
[BlackClock "0:00:34"]

1. Nf3 d5 2. g3 c6 3. Bg2 Nf6 4. O-O Nbd7 5. d3 e6 6. Nbd2 Be7 7. e4 O-O 8. Qe2 b6 9. e5 Ne8 10. h4 c5 11. Re1 b5 12. c3 a5 13. Nf1 b4 14. c4 Nc7 15. h5 h6 16. b3 a4 17. Bb2 Ba6 18. Ne3 Nb6 19. Ng4 axb3 20. axb3 Bb7 21. Qe3 d4 22. Qf4 Bg5 23. Nxg5 hxg5 24. Qd2 Bxg2 25. Kxg2 Kh7 26. h6 gxh6 27. Rh1 Kg6 28. Rxh6+ Kg7 29. Rah1 Rh8 30. Rxh8 1-0


[Site "https://www.chess.com"]

[Event "Titled Tuesday Blitz February 07 Early 2023"]
[White "Womacka, Mathias"]
[Black "Kiseleva, Arina"]
[WhiteFideId "4611390"]
[BlackFideId "4164989"]
[WhiteElo "2396"]
[BlackElo "1962"]
[Result "1-0"]
[Round "11"]
[TimeControl "180+2"]
[Date "2023.02.07"]
[WhiteClock "0:00:57"]
[BlackClock "0:00:04"]

1. e4 c6 2. d4 d5 3. Nd2 dxe4 4. Nxe4 Nf6 5. Nxf6+ exf6 6. Bc4 Bd6 7. Qe2+ Qe7 8. Qxe7+ Kxe7 9. Ne2 Re8 10. Bf4 Bxf4 11. Nxf4 Kf8+ 12. Kd2 Nd7 13. Rhe1 Nb6 14. Rxe8+ Kxe8 15. Re1+ Kf8 16. Bd3 g6 17. c4 Bd7 18. Kc3 Rd8 19. b3 h5 20. h4 Bc8 21. a4 a5 22. Re3 Na8 23. c5 Nc7 24. Bc4 Nd5+ 25. Bxd5 cxd5 26. b4 axb4+ 27. Kxb4 Bf5 28. Ka3 Rd7 29. Rb3 Kg7 30. Rb6 Be4 31. f3 Bf5 32. Kb4 Bc2 33. a5 f5 34. Rd6 Rxd6 35. cxd6 Kf6 36. Kc5 Bb3 37. Kb6 g5 38. hxg5+ Kxg5 39. d7 1-0


[Site "https://www.chess.com"]

[Event "Titled Tuesday Blitz February 07 Early 2023"]
[White "Zaichenko, Daria"]
[Black "Shubenkova, Veronika"]
[WhiteFideId "4197453"]
[BlackFideId "44124040"]
[WhiteElo "2104"]
[BlackElo "1960"]
[Result "1-0"]
[Round "11"]
[TimeControl "180+2"]
[Date "2023.02.07"]
[WhiteClock "0:00:18"]
[BlackClock "0:00:24"]

1. e4 e6 2. d4 d5 3. Bd3 dxe4 4. Bxe4 Nf6 5. Bf3 c6 6. c4 Be7 7. Nc3 O-O 8. Nge2 b6 9. O-O Bb7 10. Qc2 Nbd7 11. Bf4 Rc8 12. Rad1 a6 13. Ng3 Re8 14. Nge4 Nf8 15. Qe2 Ng6 16. Bg3 Nxe4 17. Nxe4 b5 18. Nc3 b4 19. Na4 Qa5 20. b3 Red8 21. c5 Bf6 22. Nb6 Rxd4 23. Nxc8 Bxc8 24. Bxc6 Qxc5 25. Rxd4 Bxd4 26. Bf3 e5 27. Qe4 h6 28. Be2 f5 29. Qa8 Kh7 30. h3 Qc3 31. Qf3 Qc5 32. Bc4 e4 33. Qh5 a5 34. Bf7 Nh8 35. Bf4 Ba6 36. Rc1 Bxf2+ 37. Kh2 Qd4 38. Rc6 1-0


[Site "https://www.chess.com"]

[Event "Titled Tuesday Blitz February 07 Early 2023"]
[White "Kostiukov, Alexandr"]
[Black "Vaglio Munoz, Jaime"]
[WhiteFideId "14108100"]
[BlackFideId "6500145"]
[WhiteElo "2271"]
[BlackElo "2174"]
[Result "0-1"]
[Round "11"]
[TimeControl "180+2"]
[Date "2023.02.07"]
[WhiteClock "0:00:09"]
[BlackClock "0:00:12"]

1. e4 e6 2. g3 d5 3. d3 dxe4 4. dxe4 Qxd1+ 5. Kxd1 Nf6 6. f3 b6 7. Bg2 Bb7 8. c3 Nbd7 9. Be3 O-O-O 10. Nd2 Bc5 11. Bxc5 Nxc5 12. Kc2 Ba6 13. Bf1 Bxf1 14. Rxf1 h5 15. h4 a5 16. Nh3 Rd7 17. Nc4 Ne8 18. Ne5 Re7 19. Rd1 Nd6 20. Rd2 Kb7 21. b3 Ra8 22. a4 f6 23. Ng6 Ree8 24. Rhd1 e5 25. Nf2 Kc6 26. Nd3 Ne6 27. Nb2 Rab8 28. Rd5 Nc5 29. Nd3 Ne6 30. Nb2 Nc5 31. R5d2 b5 32. axb5+ Nxb5 33. Nc4 a4 34. b4 Nb3 35. Rd5 Re6 36. Na5+ Nxa5 37. bxa5 Na3+ 38. Kd3 Rd6 39. Ra1 Nb5 40. Rxa4 Na7 41. c4 Rb3+ 42. Kc2 Rxf3 43. Ne7+ Kb7 44. c5 Rxd5 45. exd5 Nb5 46. c6+ Ka6 47. Ng6 Nd6 48. Rb4 Kxa5 49. Rb8 Rxg3 50. Ne7 Rg4 51. Kc3 Rc4+ 52. Kd3 e4+ 53. Ke3 f5 54. Kf4 Rc3 55. Nxf5 Rf3+ 56. Kg5 Rxf5+ 57. Kg6 Rxd5 58. Kxg7 Rc5 59. Ra8+ Kb6 60. Kf6 Kxc6 61. Ra2 e3 62. Re2 Rc3 63. Ke5 Nc4+ 64. Ke4 Kc5 65. Re1 Kb4 66. Kd4 Nd2 67. Rxe3 Nb3+ 68. Ke4 Nc5+ 69. Kd4 Rxe3 70. Kxe3 Nd7 71. Kf4 c5 72. Kg5 c4 73. Kxh5 c3 74. Kg6 c2 75. h5 c1=Q 76. h6 Qc3 77. h7 Qh8 78. Kh6 Nf8 79. Kg5 Qxh7 0-1


[Site "https://www.chess.com"]

[Event "Titled Tuesday Blitz February 07 Early 2023"]
[White "Lucassen, Mickey"]
[Black "Zaksaite, Salomeja"]
[WhiteFideId "12919110"]
[BlackFideId "12801496"]
[WhiteElo "2023"]
[BlackElo "2283"]
[Result "1-0"]
[Round "11"]
[TimeControl "180+2"]
[Date "2023.02.07"]
[WhiteClock "0:00:58"]
[BlackClock "0:00:01"]

1. Nf3 Nf6 2. d4 g6 3. Nc3 Bg7 4. e4 d6 5. h3 O-O 6. Bc4 c6 7. Bb3 Nbd7 8. O-O e5 9. dxe5 dxe5 10. Qe2 Qc7 11. Rd1 Nc5 12. Bg5 Nxb3 13. axb3 Be6 14. Bh4 Nh5 15. Nd2 Nf4 16. Qe3 Bh6 17. Qf3 f6 18. Nc4 b6 19. Ne2 g5 20. Bg3 Rfd8 21. Ne3 Rxd1+ 22. Rxd1 Rd8 23. Rxd8+ Qxd8 24. Kh2 Qd2 25. Bxf4 exf4 26. Ng4 Bg7 27. g3 h5 28. gxf4 hxg4 29. hxg4 Qxc2 30. Nd4 Qxb2 31. Nxe6 gxf4 32. Nxf4 Qe5 33. Kg2 b5 34. Nh5 Qg5 35. Ng3 Qe5 36. Nf5 c5 37. Qd3 1-0


[Site "https://www.chess.com"]

[Event "Titled Tuesday Blitz February 07 Early 2023"]
[White "Ciuffoletti, Paolo"]
[Black "Buscar, Michael"]
[WhiteFideId "807630"]
[BlackFideId "2603616"]
[WhiteElo "2106"]
[BlackElo "2041"]
[Result "0-1"]
[Round "11"]
[TimeControl "180+2"]
[Date "2023.02.07"]
[WhiteClock "0:00:01"]
[BlackClock "0:00:21"]

1. e4 c5 2. d4 cxd4 3. c3 Nf6 4. e5 Nd5 5. Qxd4 Nc7 6. Nf3 Nc6 7. Qe4 Ne6 8. Bc4 d5 9. Bxd5 g6 10. O-O Qc7 11. a4 Bg7 12. Re1 O-O 13. Na3 a6 14. Nc4 Bd7 15. a5 Nc5 16. Qc2 Be6 17. Bxe6 Nxe6 18. Be3 Rac8 19. Rad1 Nxa5 20. Nb6 Rcd8 21. Nd5 Rxd5 22. Rxd5 Nc4 23. Bd4 Qc6 24. Qe4 Nxb2 25. Ra5 Qxe4 26. Rxe4 Rc8 27. Ra2 Nd3 28. Rd2 Nxd4 29. Rxd3 Nxf3+ 30. Rxf3 Rc5 31. Rd3 Bxe5 32. Rd7 Rxc3 33. f4 Bd6 34. Rxb7 Bc5+ 35. Kf1 Rc1+ 36. Re1 Rc2 37. Re2 Rc1+ 38. Re1 Rc4 39. g3 Bb4 40. Rd1 a5 41. Kg2 h5 42. Ra7 h4 0-1


[Site "https://www.chess.com"]

[Event "Titled Tuesday Blitz February 07 Early 2023"]
[White "Matveeva, Olga"]
[Black "Barwinska, Ewa"]
[WhiteFideId "24107018"]
[BlackFideId "21833761"]
[WhiteElo "2128"]
[BlackElo "1914"]
[Result "0-1"]
[Round "11"]
[TimeControl "180+2"]
[Date "2023.02.07"]
[WhiteClock "0:00:05"]
[BlackClock "0:00:03"]

1. d4 f5 2. Nc3 d5 3. f3 e6 4. h4 Nf6 5. Bg5 Be7 6. Qd2 h6 7. Bxf6 Bxf6 8. O-O-O Nc6 9. e3 Bd7 10. g4 fxg4 11. fxg4 Bxh4 12. Nf3 Bf6 13. e4 dxe4 14. Nxe4 Qe7 15. g5 O-O-O 16. gxf6 gxf6 17. Bc4 e5 18. dxe5 Bg4 19. Qe3 Rxd1+ 20. Rxd1 Nxe5 21. Ned2 Qb4 22. Nxe5 Bxd1 23. Qh3+ Kb8 24. Nd7+ Ka8 25. Kxd1 Qxb2 26. Qe6 Rd8 27. Bd3 Qd4 28. Nxf6 Rf8 29. Nde4 Qg1+ 30. Kd2 Qg2+ 31. Kc3 Qg7 32. Kb3 a6 33. a4 c6 34. Ka2 Qc7 35. Ne8 Qh7 36. N8d6 Qc7 37. Ne8 Qh7 38. Qc8+ Ka7 39. Nc5 Qf7+ 40. Ka3 Qe7 41. Kb4 Rxe8 0-1


[Site "https://www.chess.com"]

[Event "Titled Tuesday Blitz February 07 Early 2023"]
[White "Zampronha, Wladimir Camilo"]
[Black "Fathy, Elameir"]
[WhiteFideId "2103087"]
[BlackFideId "10600396"]
[WhiteElo "2176"]
[BlackElo "2300"]
[Result "0-1"]
[Round "11"]
[TimeControl "180+2"]
[Date "2023.02.07"]
[WhiteClock "0:00:03"]
[BlackClock "0:00:07"]

1. e4 c6 2. d4 d5 3. e5 Bf5 4. Nf3 e6 5. Be2 Nd7 6. O-O a5 7. Nbd2 a4 8. c4 a3 9. cxd5 cxd5 10. bxa3 Bxa3 11. Qb3 Bxc1 12. Rfxc1 b6 13. Bb5 Rb8 14. Qa4 Ne7 15. Nh4 Bg6 16. Rc3 Nf5 17. Nxf5 Bxf5 18. Rac1 O-O 19. Bxd7 Ra8 20. Qc6 Rxa2 21. Nf1 h5 22. Bc8 Qg5 23. Qxb6 h4 24. Qb3 Re2 25. Rf3 Be4 26. Ba6 Bxf3 27. Qxf3 Ra2 28. Rc6 Ra1 29. h3 Ra8 30. Be2 Rc1 31. Rxc1 Qxc1 32. Kh2 Qb2 33. Ne3 Qxd4 34. Ng4 Ra2 35. Bd3 Rd2 36. Bb1 Rd1 37. Bc2 Rc1 38. Bb3 Qa1 39. g3 hxg3+ 40. Kxg3 Rc3 41. Nf6+ gxf6 0-1


[Site "https://www.chess.com"]

[Event "Titled Tuesday Blitz February 07 Early 2023"]
[White "Jiganchine, Roman"]
[Black "Clawitter, Craig"]
[WhiteFideId "2603667"]
[BlackFideId "2023105"]
[WhiteElo "2205"]
[BlackElo "2050"]
[Result "1/2-1/2"]
[Round "11"]
[TimeControl "180+2"]
[Date "2023.02.07"]
[WhiteClock "0:00:07"]
[BlackClock "0:00:12"]

1. e4 e6 2. d4 d5 3. Nd2 Be7 4. Ngf3 Nf6 5. Bd3 c5 6. c3 dxe4 7. Nxe4 cxd4 8. cxd4 Nc6 9. Nc3 O-O 10. O-O b6 11. a3 Bb7 12. Bc2 Rc8 13. Qd3 Na5 14. Ne5 g6 15. Bh6 Nd5 16. Bxf8 Bxf8 17. Qg3 Bg7 18. Rfe1 Nc4 19. Nxc4 Rxc4 20. Bb3 Rxd4 21. Rad1 Nxc3 22. bxc3 Rd2 23. Qf4 Rxd1 24. Rxd1 Qc8 25. Qd6 Bf8 26. Qd8 Qc6 27. f3 Kg7 28. Qd4+ Kg8 29. Kh1 Bc5 30. Qd8+ Kg7 31. Qd3 b5 32. c4 Bxa3 33. cxb5 Qb6 34. Qd4+ Qxd4 35. Rxd4 Bc5 36. Rc4 Bd5 37. Rxc5 Bxb3 38. Rc7 Ba4 39. Rb7 Kf6 40. Kg1 h5 41. Kf2 h4 42. h3 g5 43. Ke3 Kg6 44. Kd4 f5 45. Ke5 Bc2 46. Kxe6 g4 47. hxg4 fxg4 48. fxg4 Be4 49. Rxa7 Bxg2 50. Ke5 h3 51. Ra6+ Kg5 52. Ra7 h2 53. Rh7 h1=Q 54. Rxh1 Bxh1 55. b6 Kxg4 56. Kd6 Bg2 57. Kc7 Bf3 58. b7 Bxb7 1/2-1/2


[Site "https://www.chess.com"]

[Event "Titled Tuesday Blitz February 07 Early 2023"]
[White "Larina, Maria"]
[Black "Theytookourjobs"]
[WhiteFideId "24113182"]
[WhiteElo "1948"]
[BlackElo "2291"]
[Result "0-1"]
[Round "11"]
[TimeControl "180+2"]
[Date "2023.02.07"]
[WhiteClock "0:00:10"]
[BlackClock "0:00:20"]

1. e4 e6 2. d4 d5 3. Nc3 Be7 4. Nf3 Nf6 5. Bd3 dxe4 6. Nxe4 Nxe4 7. Bxe4 Nd7 8. O-O Nf6 9. Bd3 O-O 10. c3 b6 11. Ne5 Bb7 12. f4 c5 13. Kh1 cxd4 14. cxd4 Qd5 15. Qd2 Rad8 16. Rd1 g6 17. Nf3 Qh5 18. Qf2 Bxf3 19. gxf3 Rxd4 20. Be3 Rd6 21. Be2 Rfd8 22. Rxd6 Rxd6 23. Rd1 Rxd1+ 24. Bxd1 Qf5 25. Qd2 Nd5 26. Kg2 Bd6 27. Kf2 Nxe3 28. Qxe3 Bc5 0-1


[Site "https://www.chess.com"]

[Event "Titled Tuesday Blitz February 07 Early 2023"]
[White "Marchesich, Giovanni"]
[Black "Hartikainen, Jarmo"]
[WhiteFideId "2824790"]
[BlackFideId "503134"]
[WhiteElo "2217"]
[BlackElo "2108"]
[Result "1-0"]
[Round "11"]
[TimeControl "180+2"]
[Date "2023.02.07"]
[WhiteClock "0:00:06"]
[BlackClock "0:00:01"]

1. d4 d5 2. Nf3 Nf6 3. Bf4 Bf5 4. c4 e6 5. Nc3 c6 6. Qb3 Qb6 7. c5 Qxb3 8. axb3 Nbd7 9. b4 Be7 10. e3 O-O 11. b5 h6 12. Kd2 Rfd8 13. Bd3 Bxd3 14. Kxd3 Nh5 15. bxc6 bxc6 16. Ra6 g5 17. Bg3 Bxc5 18. Rxc6 Bb6 19. Ra1 Nxg3 20. hxg3 Kg7 21. Nb5 Rdc8 22. Rac1 Rxc6 23. Rxc6 a6 24. Nc3 a5 25. Na4 Bd8 26. g4 Ra7 27. Nd2 Kf6 28. Nb3 Ke7 29. Nbc5 Nxc5+ 30. Rxc5 Rb7 31. Kc2 Bc7 32. b3 Bd6 33. Rc6 Rc7 34. Rxc7+ Bxc7 35. Nc5 f5 36. f3 fxg4 37. fxg4 Kf6 38. Nd7+ Ke7 39. Nc5 Kf6 40. Kb2 e5 41. Ka3 exd4 42. exd4 h5 43. gxh5 g4 44. Ka4 Kg5 45. Kb5 Kxh5 46. Kc6 Bd8 47. Kxd5 Kh4 48. Ne6 Be7 49. Ke4 Kg3 50. Kf5 Kxg2 51. Kxg4 Kf2 52. Kf4 Ke2 53. Ke4 Kd2 54. Nc5 Kc3 55. Kd5 Kb4 56. Nb7 Kxb3 57. Nxa5+ Kc3 58. Nc6 Kd3 59. Nxe7 1-0


[Site "https://www.chess.com"]

[Event "Titled Tuesday Blitz February 07 Early 2023"]
[White "Bashirli, Saadat"]
[Black "Hertlein, Irena"]
[WhiteFideId "13429990"]
[BlackFideId "21817618"]
[WhiteElo "1571"]
[BlackElo "1994"]
[Result "1-0"]
[Round "11"]
[TimeControl "180+2"]
[Date "2023.02.07"]
[WhiteClock "0:00:01"]
[BlackClock "0:00:02"]

1. e4 c5 2. Nf3 e6 3. c4 Nc6 4. Nc3 Nd4 5. Be2 Ne7 6. O-O Nec6 7. d3 g6 8. Be3 Bg7 9. Nb5 O-O 10. Nbxd4 cxd4 11. Bf4 e5 12. Bd2 d6 13. b4 b6 14. b5 Ne7 15. Bb4 Bg4 16. h3 Bxf3 17. Bxf3 a5 18. Ba3 Rc8 19. Qd2 f5 20. exf5 Nxf5 21. Bd5+ Kh8 22. Be6 Rc7 23. Bxf5 gxf5 24. Rfe1 Qf6 25. Rab1 Bh6 26. Qe2 Rg7 27. Qf3 Rfg8 28. g3 Be3 29. g4 Bf4 30. Kf1 fxg4 31. hxg4 Rxg4 32. Ke2 Qg6 33. Rh1 Rg2 34. Rbf1 Be3 35. Rh3 Qg7 36. Bxd6 Bf4 37. Rh5 Rg1 38. Rxg1 Qxg1 39. Bxe5+ Bxe5 40. Rxe5 Qg6 41. Re4 Rd8 42. Qf4 Qh5+ 43. Qf3 Qg6 44. Qg3 Qh5+ 45. Qg4 Qh6 46. Qf5 Rf8 47. Qe5+ Kg8 48. Qe6+ Qxe6 49. Rxe6 Rb8 50. Rd6 h5 51. Rxd4 Kg7 52. Rh4 Kg6 53. d4 Kg5 54. Rh1 Rc8 55. Kd3 Kg4 56. a4 h4 57. Rh2 Rf8 58. c5 1-0


[Site "https://www.chess.com"]

[Event "Titled Tuesday Blitz February 07 Early 2023"]
[White "Necula, Iulian"]
[Black "Smietanska, Wiktoria"]
[WhiteFideId "1232380"]
[BlackFideId "21869359"]
[WhiteElo "1851"]
[BlackElo "1936"]
[Result "1/2-1/2"]
[Round "11"]
[TimeControl "180+2"]
[Date "2023.02.07"]
[WhiteClock "0:00:06"]
[BlackClock "0:00:04"]

1. d4 Nf6 2. Nc3 d5 3. Bf4 c5 4. e4 cxd4 5. Qxd4 Nc6 6. Bb5 Bd7 7. Bxc6 Bxc6 8. e5 Ne4 9. O-O-O Nxc3 10. Qxc3 Rc8 11. Qe3 e6 12. Kb1 Qa5 13. Ne2 Ba4 14. Nd4 Bc5 15. b3 Bd7 16. Qe1 Bb4 17. Bd2 Bxd2 18. Qxd2 Qc5 19. f4 a5 20. Rhf1 a4 21. b4 Qc4 22. a3 O-O 23. g4 Qc3 24. Qxc3 Rxc3 25. Kb2 Rfc8 26. Rd2 R3c4 27. f5 Rc3 28. Rg1 Re3 29. Re2 Rcc3 30. Rxe3 Rxe3 31. fxe6 fxe6 32. Rd1 Rxe5 33. c4 dxc4 34. Nf3 Rd5 35. Re1 Kf7 36. Ne5+ Ke7 37. Nxc4 b5 38. Nb6 Rd2+ 39. Kc3 Rxh2 40. Nxd7 Kxd7 41. Re5 Rh3+ 42. Kb2 Rb3+ 43. Ka2 Kd6 44. Rxb5 e5 45. Rb6+ Kd5 46. Rb7 h6 47. Rxg7 Rg3 48. Rh7 Rg2+ 49. Kb1 Rxg4 50. Rxh6 Rg2 51. Rh8 Kc4 52. b5 Kxb5 53. Re8 Re2 54. Kc1 Kc4 55. Kd1 Ra2 56. Rxe5 Rxa3 57. Kc2 Ra2+ 58. Kb1 Rh2 59. Re4+ Kb3 60. Re3+ Kb4 61. Re4+ Kb3 62. Re3+ Kc4 63. Re4+ Kb3 1/2-1/2


[Site "https://www.chess.com"]

[Event "Titled Tuesday Blitz February 07 Early 2023"]
[White "Qashashvili, Alexandre"]
[Black "Burke, John F"]
[WhiteFideId "13600842"]
[BlackFideId "2052970"]
[WhiteElo "2505"]
[BlackElo "2013"]
[Result "1-0"]
[Round "11"]
[TimeControl "180+2"]
[Date "2023.02.07"]
[WhiteClock "0:00:03"]
[BlackClock "0:00:39"]

1. e4 c5 2. Nc3 Nc6 3. Nf3 e6 4. Bc4 a6 5. a4 Qc7 6. O-O Nf6 7. d3 d6 8. h3 Be7 9. Re1 b6 10. e5 Nxe5 11. Nxe5 dxe5 12. Qe2 Bd6 13. Bg5 Bb7 14. Bxf6 gxf6 15. Ne4 Be7 16. Qf3 f5 17. Bxe6 fxe6 18. Qh5+ Kd7 19. Ng5 Bxg5 20. Qxg5 Rag8 21. Qf6 Rxg2+ 22. Kf1 Rhg8 23. Rxe5 Qd6 24. Qf7+ Kc8 25. Rxe6 Rxf2+ 26. Ke1 Rg1+ 27. Kxf2 Qg3+ 28. Ke2 Bf3+ 29. Kd2 Qf4+ 30. Re3 Rg2+ 31. Kc1 Qxe3+ 32. Kb1 Rg1+ 33. Ka2 Rxa1+ 34. Kxa1 Qe5 35. Kb1 Bd5 36. Qe8+ Kb7 37. Qxe5 Bc6 38. Qxf5 b5 39. Qxh7+ Kb6 40. axb5 axb5 41. h4 b4 42. Qg6 Kb5 43. b3 Be4 44. dxe4 1-0


[Site "https://www.chess.com"]

[Event "Titled Tuesday Blitz February 07 Early 2023"]
[White "Osmonbekov, Talaibek"]
[Black "Osiecki, Stanislaw"]
[WhiteFideId "2017253"]
[BlackFideId "1102990"]
[WhiteElo "2137"]
[BlackElo "2055"]
[Result "1-0"]
[Round "11"]
[TimeControl "180+2"]
[Date "2023.02.07"]
[WhiteClock "0:00:15"]
[BlackClock "0:00:01"]

1. d4 Nf6 2. Bf4 d6 3. Nc3 g6 4. e4 Bg7 5. Qd2 Nbd7 6. Nf3 O-O 7. O-O-O Nh5 8. Bg5 c6 9. g4 Nhf6 10. h4 Nxg4 11. h5 h6 12. hxg6 hxg5 13. Qxg5 Ndf6 14. e5 dxe5 15. dxe5 Qa5 16. Bc4 Be6 17. Bxe6 fxe6 18. exf6 Qxg5+ 19. Nxg5 Rxf6 20. Nge4 Rxg6 21. Rd7 Nf6 22. Rxe7 Nxe4 23. Nxe4 b6 24. c3 a5 25. Kd2 b5 26. Ke2 a4 27. a3 Rd8 28. Rc7 e5 29. Rh5 Re8 30. Rg5 Rxg5 31. Nxg5 Rd8 32. Rxc6 Bf8 33. Ne6 Re8 34. Nxf8 Kxf8 35. Rc5 1-0


[Site "https://www.chess.com"]

[Event "Titled Tuesday Blitz February 07 Early 2023"]
[White "Vargas, Mauricio"]
[Black "lisjakzlatko1"]
[WhiteFideId "4404572"]
[WhiteElo "2035"]
[BlackElo "2211"]
[Result "0-1"]
[Round "11"]
[TimeControl "180+2"]
[Date "2023.02.07"]
[WhiteClock "0:00:06"]
[BlackClock "0:00:41"]

1. e4 d6 2. Nc3 Nf6 3. f4 c6 4. Nf3 Bg4 5. h3 Bxf3 6. Qxf3 e6 7. g4 Be7 8. d3 d5 9. e5 Nfd7 10. g5 h5 11. h4 g6 12. Bh3 c5 13. O-O Nc6 14. Ne2 Qb6 15. c4 dxc4 16. dxc4 O-O-O 17. b3 Nb4 18. Bg2 Nb8 19. Nc3 Rd3 20. Qe4 Rxc3 21. Bd2 Rg3 22. Kh2 Rg4 23. Kh3 Rd8 24. Rf2 Rd4 25. Qe2 Qd8 26. Qf3 N8c6 27. a3 Rd3 28. axb4 cxb4 29. Rxa7 Rxf3+ 30. Bxf3 Nxa7 31. Bxg4 hxg4+ 32. Kxg4 Bc5 33. Rf1 Qd3 0-1


[Site "https://www.chess.com"]

[Event "Titled Tuesday Blitz February 07 Early 2023"]
[White "Mohammadian, Mohammad"]
[Black "Cramling Bellon, Anna"]
[WhiteFideId "12566055"]
[BlackFideId "32009232"]
[WhiteElo "1398"]
[BlackElo "2043"]
[Result "0-1"]
[Round "11"]
[TimeControl "180+2"]
[Date "2023.02.07"]
[WhiteClock "0:00:43"]
[BlackClock "0:00:50"]

1. e4 c5 2. Nf3 e6 3. d4 cxd4 4. Nxd4 Nf6 5. Nc3 Nc6 6. Be3 Bb4 7. f3 d5 8. Nxc6 bxc6 9. exd5 cxd5 10. Bd2 O-O 11. Bd3 e5 12. O-O Bc5+ 13. Kh1 Bb7 14. Re1 Re8 15. Bg5 h6 16. Bh4 Ng4 17. Re2 Qxh4 18. fxg4 Qxg4 19. Qe1 e4 20. Bb5 Red8 21. a3 e3 22. Nd1 d4 23. Bd3 Rd6 24. Qf1 Rf6 25. Qg1 Bd6 26. c3 Qh3 27. cxd4 Rf1 28. Rxe3 Qxh2# 0-1


[Site "https://www.chess.com"]

[Event "Titled Tuesday Blitz February 07 Early 2023"]
[White "Ricaurte Lopez, Juan Carlos"]
[Black "Sabar, Ethmane Daouda"]
[WhiteFideId "3600327"]
[BlackFideId "19600097"]
[WhiteElo "2226"]
[BlackElo "2040"]
[Result "0-1"]
[Round "11"]
[TimeControl "180+2"]
[Date "2023.02.07"]
[WhiteClock "0:00:10"]
[BlackClock "0:00:17"]

1. e4 e5 2. d4 exd4 3. c3 Nf6 4. e5 Qe7 5. Nf3 d6 6. cxd4 dxe5 7. dxe5 Ng4 8. Be2 Nxe5 9. O-O Nbc6 10. Re1 Be6 11. Nc3 Rd8 12. Qa4 Qd7 13. Bf4 Bd6 14. Rad1 Nxf3+ 15. Bxf3 O-O 16. Bxd6 cxd6 17. Ne4 Qc7 18. Ng5 Bf5 19. Rd5 Bg6 20. Red1 Ne5 21. Be4 h6 22. Bxg6 hxg5 23. Bb1 Qc6 24. Qd4 Qb6 25. Rxd6 Qxd4 26. R1xd4 Rxd6 27. Rxd6 Rc8 28. Be4 Rc1+ 0-1


[Site "https://www.chess.com"]

[Event "Titled Tuesday Blitz February 07 Early 2023"]
[White "aidenzhouu"]
[Black "Quirke, Jeffrey"]
[BlackFideId "2013029"]
[WhiteElo "2416"]
[BlackElo "2007"]
[Result "0-1"]
[Round "11"]
[TimeControl "180+2"]
[Date "2023.02.07"]
[WhiteClock "0:02:26"]
[BlackClock "0:02:08"]

1. d4 Nf6 2. c4 g6 3. Nc3 d5 4. cxd5 Nxd5 5. e4 Nxc3 6. bxc3 Bg7 7. Be3 c5 8. Qd2 Qa5 9. Rc1 cxd4 10. cxd4 Qxd2+ 11. Bxd2 O-O 12. Nf3 Rd8 13. d5 e6 14. d6 Nc6 15. Bf4 e5 16. Bg5 Rxd6 17. Bc4 Be6 18. O-O Bxc4 19. Rxc4 f6 20. Be3 Rad8 21. Rb1 Rd1+ 0-1


[Site "https://www.chess.com"]

[Event "Titled Tuesday Blitz February 07 Early 2023"]
[White "Soham Kamotra"]
[Black "MunichMouse"]
[WhiteFideId "46647490"]
[WhiteElo "2319"]
[BlackElo "2237"]
[Result "1-0"]
[Round "11"]
[TimeControl "180+2"]
[Date "2023.02.07"]
[WhiteClock "0:01:08"]
[BlackClock "0:01:20"]

1. b3 Nf6 2. Bb2 e6 3. c4 Be7 4. g3 O-O 5. Bg2 c5 6. Nf3 d5 7. cxd5 exd5 8. O-O d4 9. e3 d3 10. Nc3 Nc6 11. Rc1 Bf5 12. Na4 b6 13. Ne5 Nb4 14. a3 Nbd5 15. Nc6 Qd6 16. Nxe7+ Nxe7 17. Bxa8 Rxa8 18. Qf3 Be4 19. Qf4 Qxf4 20. gxf4 Bf3 21. Bxf6 gxf6 22. h3 Nf5 23. Kh2 Kf8 24. b4 cxb4 25. axb4 Ke7 26. Rc7+ Ke6 27. Rfc1 Rg8 28. Rg1 Ra8 29. e4 Bxe4 30. Re1 Kd6 31. Rxf7 Bf3 32. Rxf6+ 1-0